 Dungeon Crawl Stone Soup version 0.31-a0-1336-g7fd7ca34b5 (webtiles) character file.

Game seed: 13672205629216222982

30 senseless the Trooper (level 3, -2/37 HPs)
             Began as an Oni Gladiator on Dec 21, 2023.
             Succumbed to an adder's poison
             ... on level 2 of the Dungeon.
             The game lasted 00:01:18 (863 turns).

senseless the Trooper (Oni Gladiator)                Turns: 863, Time: 00:01:19

Health: -2/37      AC:  3    Str: 20    XL:     3   Next: 18%
Magic:  3/3        EV: 10    Int:  9    God:
Gold:   108        SH:  0    Dex: 10    Spells: 2/2 levels left

rFire   . . .        a - +0 flail
rCold   . . .        (no shield)
rNeg    . . .        b - +0 robe
rPois   .            c - +0 hat
rElec   .            (no cloak)
rCorr   +            (gloves unavailable)
SInv    .            (boots unavailable)
Will    .....        (no amulet)
Stlth   +            i - ring of resist corrosion
HPRegen 0.26/turn    (no ring)
MPRegen 0.08/turn

%: no passive effects
@: lethally poisoned (-2 -> -11)
A: drunken brawling, large, unfitting armour, horns 1, tough skin 1, double
potion healing
a: no special abilities


You were on level 2 of the Dungeon.
You visited 1 branch of the dungeon, and saw 2 of its levels.

You collected 108 gold pieces.

Inventory:

Hand Weapons
 a - a +0 flail (weapon)
Missiles
 d - 3 throwing nets (quivered)
 e - a large rock
 k - 4 atropa-tipped darts
Armour
 b - a +0 robe (worn)
 c - a +0 hat (worn)
Jewellery
 i - a ring of resist corrosion (left hand)
Scrolls
 f - a scroll of silence {unknown}
 g - 2 scrolls of teleportation {unknown}
 h - a scroll of vulnerability {unknown}
 j - a scroll of blinking {unknown}


   Skills:
 * Level 3.4 Fighting
 * Level 3.3 Maces & Flails
 + Level 2.2 Throwing
 * Level 3.0 Dodging


You had 2 spell levels left.
You didn't know any spells.
Your spell library was empty.

Dungeon Overview and Level Annotations

Branches:
Dungeon (2/15)

Altars:
Kikubaaqudgha


Innate Abilities, Weirdness & Mutations

Whenever you drink a potion that restores your health or magic, you attack all enemies around you.
You are too large for most types of armour.
You have a pair of small horns on your head.
You have tough skin. (AC +1)
Whenever you drink a potion that restores your health or magic, it restores twice as much.


Message History

You kill the rat!
You feel sick.
You are no longer poisoned.
The adder bites you.
You miss the adder. Your headbutt misses the adder.
The adder is heavily wounded.
The adder closely misses you. The adder bites you.
You hit the adder. Your headbutt misses the adder.
The adder is severely wounded.
The adder bites you.
You hit the adder. Your headbutt misses the adder.
The adder is almost dead.
The adder bites you.
You are poisoned.
The adder poisons you! The adder bites you but does no damage.
You barely miss the adder.
The adder is almost dead.
You feel sick. The adder bites you.
* * * LOW HITPOINT WARNING * * *
You are lethally poisoned!
The adder poisons you!
You miss the adder. Your headbutt misses the adder.
The adder is almost dead.
* * * LOW HITPOINT WARNING * * *
You feel very sick. The adder bites you.
* * * LOW HITPOINT WARNING * * *
The adder bites you but does no damage.
You miss the adder.
The adder is almost dead.
* * * LOW HITPOINT WARNING * * *
You feel very sick. The adder bites you.
* * * LOW HITPOINT WARNING * * *
You are more poisoned.
The adder poisons you!
You aren't carrying any potions.
You barely miss the adder.
The adder is almost dead.
You die...

#.#.#.####...........# #.
##.............#####.# #.
##.#.#.#..............# #.
#......#.#####..####..# #.
#.##....# # #......##..# #.
##..##....<# # #.......#..# #.
#........#.#.# #..._...#..# #.
#.#..###†#.#.###.........†####.
#...#. #......@Sw........†.....
##.. .
####.#.###.....###.###### .. #
..##.# .....<.....# #. #.##.#
#####..###### #.### #.##.#
..... .... #.##.# ..###
#.####.##.# ... #.........#
...# #..###.####


You could see an adder and a dart slug.

Vanquished Creatures
  An adder (D:2)
  A dart slug (D:1)
  3 ball pythons
  2 bats
  An endoplasm (D:1)
  2 goblins
  A hobgoblin (D:1)
  A kobold (D:1)
  2 frilled lizards
  6 rats
20 creatures vanquished.

Notes
Turn   | Place    | Note
-------+----------+-------------------------------------------
     0 | D:1      | senseless the Oni Gladiator began the quest for the Orb.
     0 | D:1      | Reached XP level 1. HP: 22/22 MP: 1/1
   309 | D:1      | Gained mutation: Whenever you drink a potion that restores
                  | your health or magic, it restores twice as much. [Oni
                  | growth]
   309 | D:1      | Gained mutation: You have a pair of small horns on your
                  | head. [Oni growth]
   309 | D:1      | Gained mutation: You have tough skin. (AC +1) [Oni growth]
   309 | D:1      | Reached XP level 2. HP: 26/31 MP: 2/2
   740 | D:2      | Reached XP level 3. HP: 35/37 MP: 3/3
   816 | D:2      | Found an ancient bone altar of Kikubaaqudgha.
   862 | D:2      | HP: 1/37 [adder (2)]
   863 | D:2      | Succumbed to an adder's poison

Illustrated notes

Levels and vault maps discovered:
D:1:      dpeg_arrival_windows_large_door, layout_basic
D:2:      layout_loops_ring, basic_altar, minmay_split_cup_small

Skill      XL: |  1  2 |
---------------+-------+-----
Fighting       | 3 |  3.4
Dodging        | 3 |  3.0
Maces & Flails | |  3.3
Throwing       | |  2.2

Action                     || total
---------------------------++-------
  Melee: Flail             ||    61
         Headbutt          ||     4
   Stab: Sleeping          ||     1
 Armour: Robe              ||    40
  Dodge: Dodged            ||    45

Table legend: (Time is in decaauts)
 A = Elapsed time spent in this place.
 B = Non-inter-level travel time spent in this place.
 C = Inter-level travel time spent in this place.
 D = Time resting spent in this place.
 E = Time spent auto-exploring this place.
 F = Levels seen in this place.
 G = Mean time per level.
                   A        B        C        D        E       F      G
               +--------+--------+--------+--------+--------+-----+--------+
         Total |    876 |    867 |      9 |      0 |    705 |   2 |  438.0 |
       Dungeon |    876 |    867 |      9 |      0 |    705 |   2 |  438.0 |
               +--------+--------+--------+--------+--------+-----+--------+

Top non-repeatable levels by time:
     D:1: 700 daAuts
     D:2: 175 daAuts
